[Event "Titled Tuesday Blitz February 22 Early 2022"]
[White "Devaev, Alexander"]
[Black "Weishaeutel, Moritz"]
[WhiteFideId "4169395"]
[BlackFideId "12967300"]
[WhiteElo "2185"]
[BlackElo "2002"]
[Result "0-1"]
[Round "11"]
[TimeControl "180+1"]
[Date "2022.02.22"]
[WhiteClock "0:00:19"]
[BlackClock "0:00:04"]

1. Nf3 d5 2. d4 Nf6 3. c4 e6 4. Nc3 Be7 5. Bg5 O-O 6. Bxf6 Bxf6 7. cxd5 exd5 8. e3 c5 9. dxc5 Qa5 10. Rc1 Rd8 11. Bd3 Nc6 12. O-O Bg4 13. h3 Bh5 14. a3 Bxc3 15. Rxc3 d4 16. exd4 Nxd4 17. g4 Nb5 18. Rb3 Bg6 19. Rxb5 Qa6 20. c6 Bxd3 21. cxb7 Rab8 22. Rb3 Rxb7 23. Rxb7 Qxb7 24. Re1 Qc7 25. Qc1 Qb7 26. Ne5 Bb5 27. b4 g6 28. Qf4 Re8 29. Nf3 Rxe1+ 30. Nxe1 Bc6 31. f3 Qb6+ 32. Kg2 Qa6 33. Qe3 Qc4 34. g5 Qa2+ 35. Kg3 Qd5 36. h4 a5 37. bxa5 Qxa5 38. Ng2 Qa7 39. Nf4 Qxe3 40. Ng2 Qxf3+ 0-1


[Site "https://www.chess.com"]

[Event "Titled Tuesday Blitz February 22 Early 2022"]
[White "Dew, Brian"]
[Black "Sumaneev, Dmitry"]
[WhiteFideId "6000495"]
[BlackFideId "4125312"]
[WhiteElo "2118"]
[BlackElo "2524"]
[Result "0-1"]
[Round "11"]
[TimeControl "180+1"]
[Date "2022.02.22"]
[WhiteClock "0:00:01"]
[BlackClock "0:01:17"]

1. b3 e5 2. Bb2 d6 3. c4 Nf6 4. g3 g6 5. Bg2 Bg7 6. d3 O-O 7. Nf3 c6 8. O-O Nbd7 9. Nbd2 Re8 10. Rc1 a5 11. a3 Qb6 12. Nb1 Nc5 13. Nfd2 Ne6 14. Nc3 Bd7 15. Nce4 Nxe4 16. Nxe4 Qc7 17. e3 f5 18. Nc3 Qb6 19. Rb1 Nc5 20. Ba1 Na6 21. h4 h5 22. Ne2 Be6 23. Bc3 d5 24. cxd5 cxd5 25. d4 e4 26. Qd2 Nb8 27. Nf4 Bf7 28. Rfc1 Nc6 29. Bf1 Bf8 30. b4 axb4 31. axb4 Ra4 32. b5 Ne7 33. Be2 Rea8 34. Bd1 Ra2 35. Rc2 Rxc2 36. Bxc2 Nc8 37. Bb3 Qxb5 38. Qb2 Qd7 39. Ra1 Rxa1+ 40. Qxa1 Nb6 41. Qa2 Kg7 42. Ba5 Nc4 43. Bxc4 dxc4 44. Bc3 Kg8 45. d5 Bg7 0-1


[Site "https://www.chess.com"]

[Event "Titled Tuesday Blitz February 22 Early 2022"]
[White "Dilmukhametov, Artur"]
[Black "Steil-Antoni, Fiona"]
[WhiteFideId "24179922"]
[BlackFideId "4001249"]
[WhiteElo "2266"]
[BlackElo "2059"]
[Result "1/2-1/2"]
[Round "11"]
[TimeControl "180+1"]
[Date "2022.02.22"]
[WhiteClock "0:01:47"]
[BlackClock "0:00:41"]

1. e4 e5 2. Nf3 Nc6 3. Bc4 Bc5 4. c3 d6 5. d4 exd4 6. cxd4 Bb4+ 7. Bd2 Bxd2+ 8. Nbxd2 Nge7 9. O-O O-O 10. Re1 Bg4 11. h3 Bh5 12. Nb3 a5 13. Be2 a4 14. Nc1 Bxf3 15. Bxf3 Ng6 16. Ne2 Qf6 17. Rc1 Rfe8 18. Ng3 Nxd4 19. Rxc7 Nxf3+ 20. Qxf3 Qxf3 21. gxf3 Ne5 22. Kg2 b5 23. Nf5 Re6 24. Rec1 h6 25. f4 Nd3 26. Rc8+ Rxc8 27. Rxc8+ Kh7 28. Kf3 Nxb2 29. Rc7 Kg8 30. Rc8+ Kh7 31. Rc7 Kg8 32. Rc8+ Kh7 1/2-1/2


[Site "https://www.chess.com"]

[Event "Titled Tuesday Blitz February 22 Early 2022"]
[White "Dovbnia, Nikita"]
[Black "Dwilewicz, Katarzyna"]
[WhiteFideId "54104599"]
[BlackFideId "1148486"]
[WhiteElo "2111"]
[BlackElo "1907"]
[Result "1/2-1/2"]
[Round "11"]
[TimeControl "180+1"]
[Date "2022.02.22"]
[WhiteClock "0:00:06"]
[BlackClock "0:00:15"]

1. Nf3 c5 2. g3 d5 3. Bg2 Nc6 4. O-O e5 5. d3 Nf6 6. c4 d4 7. Bg5 h6 8. Bxf6 Qxf6 9. Nbd2 Qd8 10. a3 a5 11. Re1 Be7 12. e3 Qc7 13. exd4 cxd4 14. b4 axb4 15. axb4 Rxa1 16. Qxa1 Bxb4 17. Qa4 O-O 18. Re2 Bf5 19. Nxe5 Nxe5 20. Qxb4 Bxd3 21. Re1 b6 22. f4 Nc6 23. Qb3 Bf5 24. Ne4 Be6 25. Qb5 Na5 26. c5 bxc5 27. Nxc5 Bc4 28. Na6 Bxb5 29. Nxc7 Bc6 30. Ra1 Bxg2 31. Kxg2 Nc6 32. Ra6 d3 33. Rxc6 Rd8 34. Nb5 d2 35. Nc3 d1=Q 36. Nxd1 Rxd1 37. h4 h5 38. Kf3 g6 39. Rb6 Kg7 40. Ra6 Rd3+ 41. Kf2 Rb3 42. Rc6 f6 43. Rc7+ Kh6 44. Rf7 Rb6 45. Kf3 f5 46. Rd7 Rb3+ 47. Kf2 Rb2+ 48. Ke3 Rb3+ 49. Rd3 Rb1 50. Kd4 Re1 51. Kd5 Re4 52. Kd6 Kg7 53. Kd7 Kf7 54. Kd6 Re8 55. Ra3 Rd8+ 56. Ke5 Re8+ 57. Kd5 Re2 58. Ra7+ Kf6 59. Ra6+ Kg7 60. Ra3 Kf7 61. Ra7+ Kf6 62. Ra6+ Kg7 63. Ra3 Kh6 64. Kd6 Re8 65. Kd7 Re1 66. Ra8 Re2 67. Kd6 Kg7 68. Ra7+ Kf6 69. Ra6 Rd2+ 70. Kc5+ Kf7 71. Ra3 Ke6 72. Kc4 Kf7 73. Kc5 Rd8 74. Kc4 Kf6 75. Kc5 Kf7 76. Kc4 Rd1 77. Kc5 Rc1+ 78. Kd6 Rd1+ 79. Ke5 Re1+ 80. Kd5 Re4 81. Ra7+ Kf6 82. Ra6+ Kg7 83. Ra7+ Kh6 84. Ra6 Re8 85. Re6 Ra8 86. Ke5 Ra3 87. Re8 Rxg3 88. Kf6 Kh7 89. Re7+ Kh8 90. Re8+ Kh7 91. Re7+ Kh8 92. Rg7 Rg4 93. Rxg6 Rxf4 94. Rh6+ Kg8 95. Rxh5 Rf1 96. Rxf5 Rxf5+ 97. Kxf5 Kh7 98. Kg5 Kg7 99. h5 Kh7 100. h6 Kh8 101. Kh5 Kg8 102. Kg6 Kh8 103. Kf6 Kg8 104. Kg5 Kh8 105. Kg6 Kg8 106. Kf6 Kh8 107. Kf7 Kh7 108. Kf6 Kxh6 1/2-1/2


[Site "https://www.chess.com"]

[Event "Titled Tuesday Blitz February 22 Early 2022"]
[White "Dushyant Sharma"]
[Black "Kozin, Yuri"]
[WhiteFideId "25065130"]
[BlackFideId "4129920"]
[WhiteElo "2012"]
[BlackElo "2560"]
[Result "0-1"]
[Round "11"]
[TimeControl "180+1"]
[Date "2022.02.22"]
[WhiteClock "0:00:04"]
[BlackClock "0:00:04"]

1. e4 c5 2. Nf3 e6 3. d4 cxd4 4. Nxd4 a6 5. Nc3 Qc7 6. f4 Bb4 7. Nf3 Bxc3+ 8. bxc3 Qxc3+ 9. Bd2 Qc5 10. Bd3 Nf6 11. Rb1 Nc6 12. Qe2 b5 13. Be3 Qc3+ 14. Bd2 Qc5 15. Be3 Qh5 16. O-O Ng4 17. h3 Nxe3 18. Qxe3 d6 19. e5 dxe5 20. fxe5 O-O 21. Ng5 h6 22. Nh7 Rd8 23. Qe4 Bb7 24. Nf6+ gxf6 25. Qh7+ Kf8 26. exf6 Ke8 27. Rbd1 Qc5+ 28. Kh1 Ne5 29. Rfe1 Nxd3 30. Qg8+ Qf8 31. Rxe6+ Kd7 32. Rxd3+ Kc7 33. Re7+ Kb6 34. Qxf8 Rxf8 35. Rd6+ Ka7 36. Rdd7 Rab8 37. Kh2 Kb6 38. g4 Bc6 39. Rc7 Rfd8 40. Rxf7 Rd2+ 41. Kg3 Rxc2 42. Kh4 Rd8 43. Rfe7 Rd3 44. Kh5 Rxh3+ 45. Kg6 Rf2 46. f7 Rhf3 47. Kg7 Bd5 48. Kxh6 Bxf7 49. Rcd7 Ka5 50. Rd6 Bxa2 51. Ra7 Kb4 52. Rdxa6 Bc4 53. Rg6 Rh3+ 54. Kg7 Rg3 55. g5 Rfg2 56. Kh6 Kb3 57. Rb7 Bd3 58. Rgg7 Rh3# 0-1


[Site "https://www.chess.com"]

[Event "Titled Tuesday Blitz February 22 Early 2022"]
[White "Estrada Nieto, Julian"]
[Black "Zemerov, Vladimir"]
[WhiteFideId "5101018"]
[BlackFideId "4111583"]
[WhiteElo "2246"]
[BlackElo "2277"]
[Result "0-1"]
[Round "11"]
[TimeControl "180+1"]
[Date "2022.02.22"]
[WhiteClock "0:00:08"]
[BlackClock "0:00:38"]

1. e4 c5 2. Nf3 d6 3. d4 cxd4 4. Qxd4 Nf6 5. Nc3 Nc6 6. Bb5 Bd7 7. Bxc6 Bxc6 8. Bg5 e6 9. O-O-O Be7 10. Rhe1 O-O 11. Kb1 a6 12. Qd2 Rc8 13. Nd4 Qa5 14. f3 Rfe8 15. Nd5 Qxd2 16. Nxe7+ Rxe7 17. Rxd2 Rd7 18. Red1 h6 19. Bh4 g5 20. Bg3 Ne8 21. c4 Kf8 22. b3 Ke7 23. e5 d5 24. Kb2 Rcd8 25. Nxc6+ bxc6 26. Bf2 f6 27. Bb6 Rb8 28. Bc5+ Kf7 29. Re1 f5 30. h4 Rdb7 31. Kc3 Ng7 32. hxg5 hxg5 33. Rh1 Kg6 34. g4 fxg4 35. fxg4 Rf7 36. Rdh2 Rf3+ 37. Kc2 dxc4 38. bxc4 Rd8 39. Bd6 Rf4 40. Rh6+ Kf7 41. Kc3 Rg8 42. Rh7 Rxg4 43. Kb4 c5+ 44. Bxc5 Rb8+ 45. Kc3 Rc8 46. Bd4 Rg3+ 47. Kd2 Rxc4 48. Be3 Ra4 49. Rf1+ Kg8 50. Rh6 Rxa2+ 51. Kd1 Rxe3 52. Rhf6 Ra1+ 53. Kd2 Rxf1 54. Rxf1 Rxe5 55. Rb1 Kf7 56. Rb8 Kf6 57. Rb7 Nf5 58. Ra7 g4 59. Kd3 g3 60. Rxa6 g2 61. Ra1 Re3+ 62. Kd2 Rg3 63. Rg1 Nh4 64. Ke2 Rh3 65. Kf2 Rh1 66. Rxg2 Nxg2 67. Kxg2 Rh5 68. Kg3 Kf5 69. Kf3 Rg5 70. Kf2 e5 71. Kf3 e4+ 72. Kf2 Kf4 73. Ke2 e3 74. Kf1 Kf3 0-1


[Site "https://www.chess.com"]

[Event "Titled Tuesday Blitz February 22 Early 2022"]
[White "Eynullayev, Atilla"]
[Black "Sadykov, Ramil"]
[WhiteFideId "13413570"]
[BlackFideId "24113590"]
[WhiteElo "1979"]
[BlackElo "2300"]
[Result "1/2-1/2"]
[Round "11"]
[TimeControl "180+1"]
[Date "2022.02.22"]
[WhiteClock "0:01:11"]
[BlackClock "0:00:29"]

1. e4 e5 2. Nf3 Nf6 3. Nxe5 Nxe4 4. Qe2 Qe7 5. Qxe4 d6 6. d4 dxe5 7. dxe5 Nc6 8. Nc3 Qxe5 9. Qxe5+ Nxe5 10. Bf4 Bd6 11. Nb5 Nd3+ 12. Bxd3 Bxf4 13. g3 Bd6 14. Nxd6+ cxd6 15. O-O-O Be6 16. Be4 O-O-O 17. b3 h6 18. Rd2 Rhe8 19. Bf3 Kc7 20. Rhd1 f6 21. Kb2 Re7 22. a4 b6 23. Rd4 a5 24. c3 g5 25. b4 Red7 26. b5 Re7 27. h4 Bf7 28. Ka3 Re5 29. hxg5 hxg5 30. Rh1 Rd7 31. Rh7 Be6 32. Rh8 Rf5 33. Bc6 Rxf2 34. c4 Re7 35. Ra8 Bxc4 36. Ra7+ Kb8 37. Ra8+ Kc7 38. Ra7+ Kb8 39. Ra8+ Kc7 1/2-1/2


[Site "https://www.chess.com"]

[Event "Titled Tuesday Blitz February 22 Early 2022"]
[White "Ezat, Mohamed"]
[Black "Glavina, Pablo"]
[WhiteFideId "10600906"]
[BlackFideId "100234"]
[WhiteElo "2386"]
[BlackElo "2369"]
[Result "1-0"]
[Round "11"]
[TimeControl "180+1"]
[Date "2022.02.22"]
[WhiteClock "0:00:12"]
[BlackClock "0:00:01"]

1. e4 e5 2. Nf3 Nc6 3. Bb5 a6 4. Ba4 Nf6 5. O-O Bc5 6. c3 d6 7. d4 exd4 8. cxd4 Ba7 9. d5 b5 10. dxc6 bxa4 11. Qxa4 O-O 12. Nc3 Re8 13. Bg5 h6 14. Bh4 g5 15. Bg3 Qe7 16. Rfe1 Rb8 17. b3 Qf8 18. e5 dxe5 19. Nxe5 Rb4 20. Qa5 Bd4 21. Rac1 Bb6 22. Qa3 Bd4 23. Qb2 Nd5 24. Qd2 Nxc3 25. Rxc3 Bxc3 26. Qxc3 a5 27. h3 Rb5 28. Nd7 Rxe1+ 29. Qxe1 Qb4 30. Qe8+ Kg7 31. Qxc8 Qe1+ 32. Kh2 Rf5 33. Qf8+ Kg6 34. Qg8+ Kh5 35. f3 Qe6 36. Bxc7 Qxc6 37. g4+ 1-0


[Site "https://www.chess.com"]

[Event "Titled Tuesday Blitz February 22 Early 2022"]
[White "Gabrielian, Artur"]
[Black "Zhigalko, Sergei"]
[WhiteFideId "4131002"]
[BlackFideId "13502956"]
[WhiteElo "2440"]
[BlackElo "2662"]
[Result "0-1"]
[Round "11"]
[TimeControl "180+1"]
[Date "2022.02.22"]
[WhiteClock "0:00:08"]
[BlackClock "0:00:20"]

1. e4 c5 2. Nf3 Nc6 3. Bb5 Nf6 4. Nc3 Qc7 5. O-O Nd4 6. Re1 a6 7. Bf1 Ng4 8. g3 Nxf3+ 9. Qxf3 Ne5 10. Qe2 e6 11. Nd1 Be7 12. Ne3 O-O 13. b3 b5 14. Bb2 Bb7 15. f4 Nc6 16. Bg2 Nd4 17. Qf2 Rac8 18. f5 Rfe8 19. c3 Nc6 20. d4 b4 21. d5 Ne5 22. Rad1 exd5 23. exd5 c4 24. bxc4 Bc5 25. d6 Qb8 26. Bxb7 Qxb7 27. Qg2 Qb6 28. Rd4 bxc3 29. Bxc3 Bxd4 0-1


[Site "https://www.chess.com"]

[Event "Titled Tuesday Blitz February 22 Early 2022"]
[White "Gaehwiler, Gabriel"]
[Black "Vlassov, Nikolai"]
[WhiteFideId "1314530"]
[BlackFideId "4103360"]
[WhiteElo "2383"]
[BlackElo "2407"]
[Result "0-1"]
[Round "11"]
[TimeControl "180+1"]
[Date "2022.02.22"]
[WhiteClock "0:00:07"]
[BlackClock "0:00:35"]

1. d4 Nf6 2. Nf3 e6 3. c4 Nc6 4. g3 Bb4+ 5. Bd2 a5 6. Bg2 d6 7. O-O e5 8. d5 Nb8 9. Nc3 O-O 10. Ne1 Bf5 11. f3 Na6 12. e4 Bd7 13. Nd3 c6 14. Kh1 cxd5 15. cxd5 Nc5 16. Nf2 b5 17. a3 Bxc3 18. Bxc3 Na4 19. Qd2 Qb6 20. Nd3 Rfc8 21. Rfc1 h6 22. Qe1 Nxc3 23. bxc3 Rc7 24. Rab1 Rac8 25. Bf1 Qa7 26. Rc2 Nh7 27. h4 f5 28. Nf2 Nf6 29. Bxb5 Bxb5 30. Rxb5 fxe4 31. Nxe4 Nxe4 32. fxe4 Rf7 33. Kg2 Rcf8 34. Rbb2 Qc5 35. Ra2 Qc4 36. Qe2 Rf2+ 37. Qxf2 Qxe4+ 38. Kh2 Rxf2+ 39. Rxf2 Qxd5 40. Rad2 Qc5 41. a4 e4 42. Rf4 d5 43. Rf5 e3 44. Rdxd5 Qxc3 45. Rc5 Qd2+ 46. Kh3 e2 47. Rc8+ Kh7 48. Rff8 Qd7+ 49. Kg2 e1=Q 0-1


[Site "https://www.chess.com"]

[Event "Titled Tuesday Blitz February 22 Early 2022"]
[White "Galchenko, Matvey"]
[Black "Sadhwani, Raunak"]
[WhiteFideId "24175480"]
[BlackFideId "35093487"]
[WhiteElo "2453"]
[BlackElo "2616"]
[Result "0-1"]
[Round "11"]
[TimeControl "180+1"]
[Date "2022.02.22"]
[WhiteClock "0:00:20"]
[BlackClock "0:00:13"]

1. e4 e5 2. Nc3 Nc6 3. Bc4 Nf6 4. d3 Bc5 5. f4 d6 6. Nf3 a5 7. f5 Nd4 8. a4 c6 9. Bg5 h6 10. Bh4 Qb6 11. Rb1 Bd7 12. Nxd4 Bxd4 13. Ne2 d5 14. Nxd4 dxc4 15. Nf3 cxd3 16. cxd3 O-O-O 17. Nxe5 Bxf5 18. Qf3 Qb4+ 19. Ke2 Be6 20. Bxf6 gxf6 21. Qxf6 Qxa4 22. Rhc1 Qd4 23. Qf4 Qd6 24. g3 h5 25. Rc3 h4 26. Nf3 hxg3 27. Qxd6 Rxd6 28. hxg3 Rdd8 29. d4 Bg4 30. Rd3 f5 31. e5 f4 32. Rg1 Rh2+ 33. Ke1 Bxf3 34. Rxf3 fxg3 35. Rd3 Rxb2 36. Rgxg3 Rb4 37. Rg4 c5 38. Rc3 b6 39. Kf2 Rbxd4 40. Rg6 Kb7 41. Ke3 Re8 42. e6 Rd6 43. Kf3 Rexe6 44. Rg7+ Ka6 45. Rg4 Rd4 46. Rg5 Red6 47. Ke3 Rh6 48. Rg3 Re6+ 49. Kf3 a4 50. Rg8 Red6 51. Ra8+ Kb5 52. Ke3 Rb4 53. Ke2 Rb2+ 54. Ke1 Rh6 0-1


[Site "https://www.chess.com"]

[Event "Titled Tuesday Blitz February 22 Early 2022"]
[White "Garv Gaur"]
[Black "Brunner, Nicolas"]
[WhiteFideId "45030839"]
[BlackFideId "620246"]
[WhiteElo "1950"]
[BlackElo "2372"]
[Result "0-1"]
[Round "11"]
[TimeControl "180+1"]
[Date "2022.02.22"]
[WhiteClock "0:00:12"]
[BlackClock "0:00:10"]

1. d4 d5 2. Nf3 Nf6 3. c4 e6 4. g3 dxc4 5. Bg2 c5 6. O-O Nc6 7. Qa4 Bd7 8. Qxc4 b5 9. Qc3 Rc8 10. dxc5 Nd5 11. Qb3 Bxc5 12. Nc3 Nxc3 13. bxc3 a6 14. Bg5 Qb6 15. Rad1 Na5 16. Qc2 Bc6 17. Ne5 Bxg2 18. Kxg2 O-O 19. Qe4 Rfe8 20. Nd7 Qc6 21. Qxc6 Rxc6 22. Ne5 Rcc8 23. Bc1 f6 24. Nd3 Bf8 25. Nb4 Rxc3 26. Nxa6 Rc2 27. Bd2 Nc4 28. Bb4 Rxe2 29. Bxf8 Kxf8 30. Kf3 Rxa2 31. Nb4 Rb2 32. Nd3 Rc2 33. Rfe1 e5 34. Nb4 Rc3+ 35. Kg2 Rb3 36. Nd5 Rd8 37. h4 h5 38. Nc7 Rxd1 39. Rxd1 Ke7 40. Nd5+ Kf7 41. Ra1 Rd3 42. Ra7+ Kf8 43. Nc7 Rd7 44. Ra8+ Kf7 45. Nxb5 Rb7 46. Nc3 Rb2 47. Ne4 Ne3+ 48. Kf3 Nf5 49. Ra7+ Kg6 50. Kg2 Rb4 51. Nc5 Rc4 52. Ne6 Rc6 53. Nd8 Rd6 54. Nb7 Rd7 55. Kf3 Nd6 56. Nxd6 Rxa7 57. Ne4 Ra3+ 58. Kg2 Kf5 59. Nd6+ Ke6 60. Ne8 Kf7 61. Nd6+ Kg6 62. Nc4 Rc3 63. Nd6 Rd3 64. Ne4 Rd4 65. Nc5 e4 66. Ne6 Rd2 67. Nf4+ Kh6 68. Ne6 e3 69. Nf4 e2 70. Nxe2 Rxe2 71. Kf3 Rb2 72. g4 hxg4+ 73. Kxg4 Rxf2 74. h5 Rb2 75. Kg3 Rb5 76. Kf4 Rxh5 77. Ke4 Kg6 78. Kf3 Kg5 79. Kg3 f5 80. Kf3 f4 81. Kg2 Kg4 82. Kf2 f3 83. Kg1 Kg3 84. Kf1 Re5 85. Kg1 Re1# 0-1


[Site "https://www.chess.com"]

[Event "Titled Tuesday Blitz February 22 Early 2022"]
[White "Gatterer, Florian"]
[Black "Berdychevskaya, Natasha"]
[WhiteFideId "811688"]
[BlackFideId "4159322"]
[WhiteElo "2218"]
[BlackElo "1780"]
[Result "0-1"]
[Round "11"]
[TimeControl "180+1"]
[Date "2022.02.22"]
[WhiteClock "0:00:11"]
[BlackClock "0:00:33"]

1. e4 e5 2. Nf3 Nf6 3. Nxe5 Nxe4 4. Qe2 Qe7 5. Qxe4 d6 6. d4 dxe5 7. Qxe5 Qxe5+ 8. dxe5 Bf5 9. Bd3 Bxd3 10. cxd3 Nc6 11. e6 fxe6 12. O-O O-O-O 13. Nc3 Rxd3 14. Re1 Bb4 15. Bf4 Bxc3 16. bxc3 Rxc3 17. Rxe6 Rd8 18. h3 b5 19. Rb1 b4 20. Re4 a5 21. Be5 Nxe5 22. Rxe5 c5 23. Re6 Kc7 24. Ra6 Rd2 25. Rxa5 Rcc2 26. Rf1 Kb6 27. Ra8 Rxa2 28. Rb8+ Kc6 29. g4 Kd5 30. Kg2 Kc4 31. Kg3 b3 32. Rc1+ Rdc2 33. Rb1 b2 34. f4 Ra3+ 35. Kh4 Rb3 36. Rxb3 Kxb3 37. f5 Rc1 38. Rxb2+ Kxb2 39. g5 c4 40. f6 gxf6 41. gxf6 c3 42. Kg5 Rf1 43. h4 c2 44. Kh6 c1=Q+ 45. Kxh7 Rxf6 0-1


[Site "https://www.chess.com"]

[Event "Titled Tuesday Blitz February 22 Early 2022"]
[White "Goldin, Roman"]
[Black "Fiorito, Fabian"]
[WhiteFideId "2803860"]
[BlackFideId "100200"]
[WhiteElo "2312"]
[BlackElo "2395"]
[Result "1-0"]
[Round "11"]
[TimeControl "180+1"]
[Date "2022.02.22"]
[WhiteClock "0:00:17"]
[BlackClock "0:01:03"]

1. e4 c6 2. d4 d5 3. f3 e6 4. Nc3 Nf6 5. e5 Nfd7 6. f4 c5 7. Nf3 Nc6 8. Bd3 cxd4 9. Nb5 Qb6 10. O-O a6 11. Nd6+ Bxd6 12. exd6 Nc5 13. Ne5 Nxd3 14. cxd3 Bd7 15. Qh5 Nd8 16. f5 Qxd6 17. Bf4 Qb6 18. Rae1 Rc8 19. Bg5 Rf8 20. Bxd8 Rc6 21. Bxb6 Rxb6 22. Nxd7 1-0


[Site "https://www.chess.com"]

[Event "Titled Tuesday Blitz February 22 Early 2022"]
[White "Goltsev, Dmitry"]
[Black "Suarez Uriel, Adrian"]
[WhiteFideId "24176710"]
[BlackFideId "22230874"]
[WhiteElo "2273"]
[BlackElo "2316"]
[Result "0-1"]
[Round "11"]
[TimeControl "180+1"]
[Date "2022.02.22"]
[WhiteClock "0:00:58"]
[BlackClock "0:01:47"]

1. e4 c5 2. Nf3 Nc6 3. d4 cxd4 4. Nxd4 g6 5. c3 Nf6 6. Bd3 Bg7 7. O-O O-O 8. f3 d5 9. exd5 Nxd5 10. Nxc6 bxc6 11. Qe2 Rb8 12. Na3 Be6 13. Rd1 Qc7 14. Nc4 Rfd8 15. Bg5 h6 16. Bh4 Nf4 17. Qf1 Rxd3 18. Rxd3 Bxc4 19. Bg3 Bxd3 20. Bxf4 Bxf1 21. Bxc7 Rc8 22. Ba5 Bc4 23. b3 Be6 24. Rd1 Be5 25. g3 Bd6 26. f4 c5 27. c4 Rb8 28. Bc3 g5 29. fxg5 hxg5 30. Kf2 Kh7 31. Ke3 Kg6 32. h4 gxh4 33. gxh4 a5 34. Rg1+ Kh6 35. Kd3 a4 36. bxa4 Rd8 37. Kc2 Bxc4 38. a5 Bxa2 39. a6 Bd5 40. Bd2+ Kh7 41. Bc3 f6 42. h5 Ra8 43. Ra1 Ra7 44. Kd3 Bf3 45. Ra2 Bxh5 46. Ra4 Be8 47. Ra5 Rxa6 48. Kc4 Rxa5 49. Bxa5 f5 50. Kd5 f4 51. Ke4 Bc6+ 52. Kf5 f3 53. Be1 c4 54. Ke6 c3 55. Bxc3 f2 56. Bd2 f1=Q 57. Bf4 Qe2+ 58. Kf7 Bd5+ 59. Kf8 Qh5 60. Bxd6 Qf7# 0-1


[Site "https://www.chess.com"]

[Event "Titled Tuesday Blitz February 22 Early 2022"]
[White "Gormally, Daniel W"]
[Black "Zavgorodniy, Sergiy"]
[WhiteFideId "406465"]
[BlackFideId "14110148"]
[WhiteElo "2543"]
[BlackElo "2420"]
[Result "0-1"]
[Round "11"]
[TimeControl "180+1"]
[Date "2022.02.22"]
[WhiteClock "0:00:05"]
[BlackClock "0:00:12"]

1. d4 Nf6 2. Bg5 e6 3. e4 h6 4. Bxf6 Qxf6 5. c3 d6 6. Bd3 e5 7. Ne2 g5 8. O-O h5 9. Na3 Bg7 10. Nc2 h4 11. f3 Nc6 12. Bb5 Bd7 13. d5 Nb8 14. Bxd7+ Nxd7 15. Ne3 O-O 16. Nf5 Rfe8 17. g3 hxg3 18. hxg3 g4 19. Kg2 Qg5 20. f4 exf4 21. gxf4 Qg6 22. Neg3 Nc5 23. Nxg7 Qxg7 24. Qe2 Nxe4 25. Nf5 Qg6 26. Nh4 Qh5 27. Rh1 Ng3 28. Qd3 Nxh1 29. Rxh1 g3 30. Nf3 Qg6 31. f5 Qf6 32. Rh4 Kf8 33. Rg4 Ke7 34. Qb5 Qxf5 35. Rc4 Kf8 36. Kxg3 Re3 37. Rf4 Qg5+ 38. Rg4 Qe5+ 39. Kf2 Qf5 40. Rg3 Rae8 41. Qc4 Re2+ 42. Kg1 Qb1+ 0-1


[Site "https://www.chess.com"]

[Event "Titled Tuesday Blitz February 22 Early 2022"]
[White "Gracia Alvarez, Gerardo Antonio"]
[Black "Gunina, Valentina"]
[WhiteFideId "5109124"]
[BlackFideId "4167570"]
[WhiteElo "2139"]
[BlackElo "2465"]
[Result "0-1"]
[Round "11"]
[TimeControl "180+1"]
[Date "2022.02.22"]
[WhiteClock "0:00:14"]
[BlackClock "0:01:46"]

1. c4 c6 2. e4 d5 3. cxd5 cxd5 4. exd5 Nf6 5. Qa4+ Nbd7 6. Nc3 g6 7. Bc4 Bg7 8. d3 O-O 9. Nf3 a6 10. Qa3 b6 11. O-O Bb7 12. Re1 Re8 13. Qb4 Bf8 14. a4 e6 15. d6 Bxf3 16. gxf3 Ne5 17. Kg2 Bxd6 18. Qb3 Nh5 19. Ne4 Bc7 20. Bg5 f6 21. Bxe6+ Kg7 22. Be3 Rxe6 23. Qxe6 Nxd3 24. Qc4 Nxe1+ 25. Rxe1 Qd7 26. Rd1 Qxd1 27. Qxc7+ Kh8 28. Nd6 Qd5 29. Nf7+ Kg8 30. Ng5 fxg5 0-1


[Site "https://www.chess.com"]

[Event "Titled Tuesday Blitz February 22 Early 2022"]
[White "Grischuk, Alexander"]
[Black "Talibov, Shiroghlan"]
[WhiteFideId "4126025"]
[BlackFideId "13429078"]
[WhiteElo "2762"]
[BlackElo "2070"]
[Result "1-0"]
[Round "11"]
[TimeControl "180+1"]
[Date "2022.02.22"]
[WhiteClock "0:00:04"]
[BlackClock "0:00:06"]

1. e4 e6 2. d4 d5 3. e5 c5 4. c3 Qa5 5. dxc5 Qc7 6. Nf3 Bxc5 7. Bd3 Nc6 8. Bf4 Nge7 9. Qe2 f5 10. h4 h6 11. b4 Bb6 12. a4 a6 13. h5 g5 14. hxg6 Nxg6 15. Bh2 Bd7 16. Nbd2 a5 17. b5 Nce7 18. c4 Kf7 19. O-O Rhg8 20. Rac1 Rac8 21. Nb3 dxc4 22. Bxc4 Qd8 23. Rfd1 Rxc4 24. Qxc4 Nd5 25. Nc5 Bc8 26. Rd4 Qe7 27. Rxd5 exd5 28. Qxd5+ Kg7 29. Nd4 Kh7 30. Qd6 Qg5 31. Rf1 Bd8 32. Nde6 Qg4 33. f3 Qh4 34. Nxd8 Rxd8 35. Qc7+ Kh8 36. e6 f4 37. Nxb7 Rg8 38. Nd6 Bxe6 39. Qc3+ Kh7 40. Re1 Bd7 41. Ne4 Rf8 42. Rd1 Bf5 43. Nd6 Be6 44. b6 Qg5 45. Qd3 Kh8 46. Qd4+ Kh7 47. Ne4 Qh5 48. Nf6+ 1-0


[Site "https://www.chess.com"]

[Event "Titled Tuesday Blitz February 22 Early 2022"]
[White "Guseva, Marina"]
[Black "Petrova, Irina"]
[WhiteFideId "4149351"]
[BlackFideId "14124122"]
[WhiteElo "2232"]
[BlackElo "1988"]
[Result "0-1"]
[Round "11"]
[TimeControl "180+1"]
[Date "2022.02.22"]
[WhiteClock "0:00:01"]
[BlackClock "0:00:15"]

1. d4 d5 2. Nf3 Nf6 3. Bf4 c5 4. e3 Nc6 5. Nbd2 Bf5 6. dxc5 e6 7. Nd4 Bxc5 8. Nxf5 exf5 9. c3 O-O 10. Be2 Ne4 11. O-O Bd6 12. Nxe4 fxe4 13. Bg3 Bxg3 14. hxg3 Qg5 15. Qb3 b6 16. Rad1 Rad8 17. Qb5 Ne5 18. Rd4 Ng6 19. Rfd1 Ne7 20. a4 f5 21. c4 Rd6 22. cxd5 Rfd8 23. a5 Kh8 24. axb6 axb6 25. Bc4 Qh5 26. Ra1 Rh6 27. Kf1 Qh1+ 28. Ke2 Qxa1 29. d6 Ng8 30. d7 Qa7 31. Qxf5 Rf6 32. Qxe4 Rff8 33. Qe6 Nf6 34. Qe7 Qc7 35. b3 Nxd7 0-1


[Site "https://www.chess.com"]

[Event "Titled Tuesday Blitz February 22 Early 2022"]
[White "Hakemi, Arman"]
[Black "Yeletsky, Ivan"]
[WhiteFideId "22520805"]
[BlackFideId "24180327"]
[WhiteElo "2208"]
[BlackElo "2348"]
[Result "1-0"]
[Round "11"]
[TimeControl "180+1"]
[Date "2022.02.22"]
[WhiteClock "0:00:09"]
[BlackClock "0:00:09"]

1. e4 c6 2. d4 d5 3. e5 c5 4. dxc5 e6 5. Be3 Nd7 6. Nf3 Bxc5 7. Bxc5 Nxc5 8. Qd4 Qb6 9. Nbd2 Bd7 10. Nb3 Na4 11. Be2 Qxd4 12. Nbxd4 Ne7 13. Kd2 Nc5 14. Bd3 Nc6 15. Nxc6 Bxc6 16. Nd4 Ke7 17. Rhe1 a5 18. Re3 Rac8 19. Rae1 g6 20. h4 h5 21. b3 Bd7 22. Rf3 Rc7 23. Rf4 b5 24. Re3 b4 25. Ref3 Be8 26. Nb5 Nxd3 27. Nxc7 Nxf4 28. Rxf4 Bd7 29. Na6 Rc8 30. g3 Bb5 31. Nxb4 axb4 32. Rxb4 Bc6 33. a4 f6 34. exf6+ Kxf6 35. Rb6 Ke5 36. c3 d4 37. c4 Ke4 38. a5 e5 39. a6 Ba8 40. Rf6 Rb8 41. f3# 1-0


[Site "https://www.chess.com"]

[Event "Titled Tuesday Blitz February 22 Early 2022"]
[White "Dronavalli, Harika"]
[Black "Jumabayev, Rinat"]
[WhiteFideId "5015197"]
[BlackFideId "13702661"]
[WhiteElo "2382"]
[BlackElo "2561"]
[Result "0-1"]
[Round "11"]
[TimeControl "180+1"]
[Date "2022.02.22"]
[WhiteClock "0:00:05"]
[BlackClock "0:00:06"]

1. e4 e6 2. d4 d5 3. e5 c5 4. c3 Nc6 5. Nf3 Bd7 6. Be2 Qb6 7. dxc5 Bxc5 8. O-O a5 9. a4 Nge7 10. Bb5 Ng6 11. Qe2 O-O 12. Nbd2 f6 13. exf6 Rxf6 14. Nb3 Bd6 15. Bg5 Rf7 16. Rad1 Raf8 17. Nfd4 e5 18. Nc2 Be6 19. Be3 Qc7 20. Nc5 Bxc5 21. Bxc5 Nf4 22. Qe3 Ne7 23. Bb6 Qb8 24. Ba7 Qc7 25. Bb6 Qb8 26. Ba7 Qc8 27. Qxe5 Bh3 28. gxh3 Qxh3 29. Ne3 Neg6 30. Qg5 Qf3 31. Qg3 Nh3+ 32. Qxh3 Qxh3 33. Ng2 Rf5 34. Rd3 Qh5 35. Bc5 Rg5 36. Rg3 Rd8 37. Bd4 Rxg3 38. hxg3 Qf5 39. Rd1 Qe6 40. Bd3 Ne7 41. Nf4 Qf7 42. Re1 Nc6 43. Bb6 Re8 44. Rd1 Re5 45. Bb5 h5 46. Ng2 g5 47. Be3 h4 48. gxh4 gxh4 49. Nxh4 Qh5 50. Ng2 Qxd1+ 0-1


[Site "https://www.chess.com"]